 Dungeon Crawl Stone Soup version 0.24-a0-125-gdf024910ca (webtiles) character file.

Game seed: 272448789676961614

37562 bigred the Basher (level 13, -4/95 HPs)
             Began as an Octopode Chaos Knight on Feb 24, 2019.
             Was the Champion of Nemelex Xobeh.
             Slain by a water moccasin (7 damage)
             ... on level 6 of the Lair of Beasts.
             The game lasted 00:45:19 (30372 turns).

bigred the Basher (Octopode Chaos Knight)          Turns: 30372, Time: 00:45:20

Health: -4/95      AC:  2    Str: 10    XL:     13   Next: 97%
Magic:  20/22      EV: 22    Int: 15    God:    Nemelex Xobeh [******]
Gold:   992        SH:  0    Dex: 13    Spells: 10/24 levels left

rFire    . . .     SeeInvis .   x - +4 flail (protect)
rCold    + . .     Gourm    .   (no shield)
rNeg     + . .     Faith    .   J - +1 hat
rPois    +         Spirit   .   (no amulet)
rElec    .         Reflect  .   w - ring of protection from magic
rCorr    .         Harm     .   z - ring of protection from magic
MR       ++...     Clarity  +   M - ring of stealth
Stlth    +++.......             N - ring of positive energy
HPRegen  0.25/turn              L - ring of poison resistance
MPRegen  0.18/turn              (no ring)
                                (no ring)
                                (no ring)

@: slowed, very slow
A: almost no armour, stealthy swim, amphibious, 8 rings, constrict 8, repulsion
field 1, camouflage 1, clarity, clumsy 1, cold resistance 1, poison resistance,
screaming 1, weak 1, wild magic 1, gelatinous body 1, MP-powered wands
a: Draw Escape, Draw Destruction, Draw Summoning, Triple Draw, Deal Four, Stack
Five, Renounce Religion


You were on level 6 of the Lair of Beasts.
You worshipped Nemelex Xobeh.
Nemelex Xobeh was exalted by your worship.
You were very hungry.

You visited 2 branches of the dungeon, and saw 18 of its levels.
You visited the Abyss 1 time.
You also visited: Sewer.

You collected 992 gold pieces.

Inventory:

Hand Weapons
 b - a +2 battleaxe of freezing
 e - a +2 morningstar of crushing
 p - a +0 blowgun
 x - a +4 flail of protection (weapon)
 E - a +1 flail of holy wrath
Armour
 J - a +1 hat (worn)
Magical Staves
 K - an uncursed staff of wizardry
Jewellery
 w - a ring of protection from magic (left tentacle)
 z - a ring of protection from magic (right tentacle)
 L - a ring of poison resistance (on tentacle)
 M - a ring of stealth (on tentacle)
 N - a ring of positive energy (on tentacle)
Wands
 n - a wand of digging (6)
 u - a wand of acid (6)
Scrolls
 a - a scroll of brand weapon
 c - a scroll of fog
 h - 5 scrolls of remove curse {@r2}
 l - 3 scrolls of enchant armour {unknown}
 v - 3 scrolls of enchant weapon
 y - a scroll of amnesia
 A - 2 scrolls of immolation
 B - 2 scrolls of magic mapping
 D - a scroll of teleportation {@r3}
 I - 2 scrolls of vulnerability
 Q - a scroll of holy word {unknown}
Potions
 f - 4 potions of resistance
 g - 4 potions of might
 j - 6 potions of curing {@q1}
 k - 3 potions of agility
 m - 4 potions of haste
 o - 3 potions of flight
 s - 3 potions of mutation
 t - a potion of magic {unknown}
 C - 2 potions of lignification
 F - a potion of ambrosia {unknown}
 G - a potion of brilliance {unknown}
 H - 3 potions of invisibility {unknown}
 O - a potion of heal wounds
Comestibles
 q - 20 rations


   Skills:
 * Level 11.3 Fighting
   Level 4.0 Short Blades
 - Level 12.0 Maces & Flails
 - Level 11.0 Dodging
 - Level 6.0 Spellcasting
 - Level 1.1 Conjurations
 - Level 2.1 Hexes
 * Level 5.4 Summonings
 - Level 3.0 Translocations
 - Level 6.0 Air Magic
 - Level 1.0 Poison Magic
 - Level 7.0 Invocations
 - Level 2.0 Evocations


You had 10 spell levels left.
You knew the following spells:

 Your Spells              Type           Power        Failure   Level  Hunger
a - Swiftness             Chrm/Air       ###.....     10%         2    #......
b - Confusing Touch       Hex            ##....       10%         1    None
c - Blink                 Tloc           N/A          10%         2    #......
d - Mephitic Cloud        Conj/Pois/Air  ###.....     21%         3    ##.....
e - Summon Butterflies    Summ           ####....     3%          1    None
f - Apportation           Tloc           ###...       7%          1    None
g - Summon Lightning Spi  Summ/Air       ####....     21%         4    ####...

Your spell library contained the following spells:

 Spells                   Type           Power        Failure   Level  Hunger
 Summon Small Mammal      Summ           ####         3%          1    None
 Call Imp                 Summ           ####....     4%          2    #......
 Shock                    Conj/Air       ###.         5%          1    None
 Call Canine Familiar     Summ           ####....     8%          3    ##.....
 Poisonous Vapours        Pois/Air       ###...       9%          2    #......
 Magic Dart               Conj           ##..         13%         1    None
 Sting                    Conj/Pois      ##..         14%         1    None
 Slow                     Hex            ##......     14%         2    #......
 Static Discharge         Conj/Air       ###.....     14%         3    ##.....
 Summon Guardian Golem    Hex/Summ       ###.....     14%         3    ##.....
 Airstrike                Air            ####......   17%         4    ####...
 Gell's Gravitas          Tloc           ###.......   19%         3    ##.....
 Lesser Beckoning         Tloc           ###.......   19%         3    ##.....
 Sandblast                Erth           #.....       21%         1    None
 Searing Ray              Conj           ##....       21%         2    #......
 Confuse                  Hex            ##......     26%         3    ##.....
 Tukima's Dance           Hex            ##......     26%         3    ##.....
 Passwall                 Tmut/Erth      #.......     30%         2    #......
 Dazzling Spray           Conj/Hex       ##....       30%         3    ##.....
 Conjure Flame            Conj/Fire      #.......     43%         3    ##.....
 Stone Arrow              Conj/Erth      #.....       43%         3    ##.....
 Summon Ice Beast         Ice/Summ       ###.....     52%         4    ####...
 Force Lance              Conj/Tloc      ##......     61%         4    ####...
 Fulminant Prism          Conj/Hex       ##........   67%         4    ####...
 Iskenderun's Mystic Bla  Conj           ##......     73%         4    ####...
 Olgreb's Toxic Radiance  Pois           ##......     75%         4    ####...
 Lightning Bolt           Conj/Air       ###.......   75%         5    ######.
 Petrify                  Tmut/Erth      #.......     87%         4    ####...
 Metabolic Englaciation   Hex/Ice        ##........   97%         5    ######.
 Venom Bolt               Conj/Pois      ##........   97%         5    ######.
 Yara's Violent Unravell  Hex/Tmut       ##........   97%         5    ######.
 Alistair's Intoxication  Tmut/Pois      #.......     98%         5    ######.
 Lee's Rapid Deconstruct  Erth           #.........   99%         5    ######.
 Invisibility             Hex            ##......     100%        6    #######


Dungeon Overview and Level Annotations

Branches:
Dungeon (12/15)            Temple (0/1) D:6            Lair (6/6) D:9
  Swamp (0/4) Lair:4       Spider (0/4) Lair:4        Slime (0/5) Lair:5
    Orc (0/2) D:12

Altars:
Dithmenos
Elyvilon
Kikubaaqudgha
Makhleb
Nemelex Xobeh
Okawaru
Qazlal
Vehumet
Wu Jian
Xom
Zin
The Shining One
Beogh
Jiyva

Shops:
D:5 (

Annotations:
D:7 2 transporters, iamserjio's ghost, novice OpCK
Lair:5 1 runed translucent door, hemabe's ghost, journeyman HuAr
Lair:6 1 runed translucent door


Innate Abilities, Weirdness & Mutations

You cannot wear most types of armour.
You are very stealthy in the water. (Stealth+)
You are amphibious.
You can wear up to eight rings at the same time.
You can use your tentacles to constrict eight enemies at once.
Your skin changes colour to match your surroundings (Stealth+).
Your rubbery body absorbs attacks. (AC +1, EV +1)
You are surrounded by a mild repulsion field. (EV +2)
You possess an exceptional clarity of mind.
You are clumsy. (Dex -2)
Your flesh is cold resistant. (rC+)
Your system is resistant to poisons. (rPois)
You occasionally shout uncontrollably at your foes.
You are weak. (Str -2)
Your spells are a little harder to cast, but a little more powerful.
You expend magic power (3 MP) to strengthen your wands.


Message History

The hornet stings you!
* * * LOW HITPOINT WARNING * * *
You are feeling very hungry.
The water moccasin bites you.
* * * LOW HITPOINT WARNING * * *
The hornet stings you.
* * * LOW HITPOINT WARNING * * *
You feel yourself slow down.
The hornet stings you but does no damage.
The water moccasin barely misses you. The hornet stings you!
* * * LOW HITPOINT WARNING * * *
You feel as though you will be slow longer.
The water moccasin bites you but does no damage.
You can move again.
Casting: Blink (safe; 10% risk of failure)
You blink.
The water moccasin bites you!
You die...
Your body glows with a rainbow of weird colours and disappears.

.....# #.....# . .....#
#.....##.. .....#
###......... ....#
#####......(.##.
....####.##..........#
...#.#.#.PP....).....#
.P.#..........†......##
...#..................#
<...............@....##
....P............S%..#
..............#.y§...##
.........#..<.........#
......w.#.#.......†...#
......................##
#..................#...#
................#..#####
..................##


You could see a hornet and a water moccasin.

Vanquished Creatures
  Kirke (Lair:5)
  A yaktaur captain (D:12)
  6 hydras
  A two-headed ogre (D:12)
  An unseen horror (D:11)
  Pikel (D:4)
  An orc knight (D:11)
  5 black mambas
  A torpor snail (Lair:6)
  11 spiny frogs
  2 rime drakes
  6 komodo dragons
  A tyrant leech (Lair:6)
  A wind drake (D:12)
  3 polar bears
  6 hornets (Lair:6)
  3 trolls
  7 blink frogs
  3 slime creatures (D:12)
  4 hippogriffs
  A spriggan (D:8)
  Sigmund (D:6)
  9 wyverns
  30 yaks
  A yak (shapeshifter) (D:12)
  A basilisk (Lair:1)
  A hungry ghost (D:11)
  3 wargs (D:9)
  Edmund (D:4)
  13 water moccasins
  7 porcupines
  2 slaves (D:4)
  2 necrophages
  5 orc warriors
  3 black bears
  2 sky beasts
  An ice beast (D:12)
  3 phantoms
  7 ogres
  6 wolves (Lair:1)
  An eye of draining (D:12)
  5 centaurs
  9 crocodiles
  3 big kobolds
  8 bullfrogs
  A scorpion (D:6)
  3 wights (D:10)
  An electric eel (Lair:4)
  3 howler monkeys
  A centaur zombie (D:5)
  4 crimson imps
  3 jellies
  A bullfrog zombie (D:12)
  A centaur skeleton (D:10)
  3 bullfrog skeletons
  9 orc priests
  3 hounds
  Ijyb (D:3)
  6 iguanas
  9 worker ants
  15 orc wizards
  2 hound skeletons
  A howler monkey zombie (D:11)
  2 worker ant zombies
  Robin (D:3)
  A gnoll (D:1)
  9 adders
  2 river rats
  3 shadow imps
  An ooze (D:1)
  An adder zombie (D:5)
  4 worms
  3 dart slugs
  2 leopard geckos
  66 orcs
  6 giant cockroaches
  17 goblins
  11 hobgoblins
  21 jackals
  A quokka (D:5)
  4 ball pythons
  A ball python skeleton (D:4)
  9 bats
  2 frilled lizards
  18 kobolds
  A leopard gecko skeleton (D:7)
  A quokka skeleton (D:5)
  12 rats
  2 fungi (Lair:6)
458 creatures vanquished.

Vanquished Creatures (collateral kills)
  A cyclops (D:11)
  An ugly thing (D:12)
  A black mamba (D:11)
  A spiny frog (Lair:6)
  A torpor snail (Lair:6)
  2 blink frogs (Lair:4)
  A slime creature (D:12)
  A wyvern (D:8)
  An orc warrior (D:12)
  An eye of draining (D:11)
  A crocodile (Lair:4)
  2 wights (D:10)
  A killer bee (D:12)
  A hound (D:11)
  2 orc wizards
  2 worker ants (D:11)
  A shadow imp (D:8)
  4 orcs
  3 kobolds (D:8)
  A plant (Lair:6)
29 creatures vanquished.

Vanquished Creatures (others)
  3 humans (Lair:5)
  A water moccasin (Lair:5)
  A slave (D:4)
  Blork the orc (D:4)
  A bullfrog (Lair:5)
  A gnoll (D:4)
  An orc (D:4)
  A jackal (D:1)
  A quokka (D:4)
  17 fungi
  30 plants
58 creatures vanquished.

Grand Total: 545 creatures vanquished

Notes
Turn   | Place    | Note
-------+----------+-------------------------------------------
     0 | D:1      | bigred the Octopode Chaos Knight began the quest for the
                  | Orb.
     0 | D:1      | Reached XP level 1. HP: 16/16 MP: 1/1
    33 | D:1      | XOM: potion effect (invisibility)
    44 | D:1      | Reached XP level 2. HP: 19/21 MP: 2/2
   268 | D:1      | Reached XP level 3. HP: 26/26 MP: 3/3
   413 | D:1      | XOM: medium Ice miscast
   900 | D:1      | XOM: smoke on damage
  1437 | D:2      | Reached XP level 4. HP: 23/31 MP: 4/4
  1760 | D:2      | XOM: scenery: create altars
  1887 | D:2      | XOM: give mutations
  1887 | D:2      | Gained mutation: You are surrounded by a mild repulsion
                  | field. (EV +2) [Xom's grace]
  1887 | D:2      | Gained mutation: Your flesh is cold resistant. (rC+) [Xom's
                  | grace]
  1887 | D:2      | Gained mutation: Your spells are a little harder to cast,
                  | but a little more powerful. [Xom's grace]
  1887 | D:2      | Gained mutation: Your system is resistant to poisons.
                  | (rPois) [Xom's grace]
  1989 | D:2      | Reached XP level 5. HP: 34/36 MP: 5/5
  2086 | D:3      | Noticed Ijyb
  2092 | D:3      | Killed Ijyb
  2224 | D:3      | Noticed Robin
  2267 | D:3      | XOM: 1-stop teleportation journey
  2530 | D:3      | XOM: cloud trail
  2599 | D:3      | XOM: fog
  2621 | D:3      | Killed Robin
  2621 | D:3      | XOM: polymorph goblin -> ball python
  2885 | D:3      | XOM: harmless Necr miscast
  2921 | D:3      | Reached XP level 6. HP: 15/43 MP: 6/6
  2928 | D:3      | XOM: medium Air miscast
  3081 | D:3      | XOM: mild Chrm miscast
  3225 | D:4      | Reached skill level 5 in Dodging
  3272 | D:4      | Noticed a slave
  3272 | D:4      | Noticed a slave
  3276 | D:4      | Found a sparkling altar of Nemelex Xobeh.
  3276 | D:4      | Noticed Pikel
  3276 | D:4      | Noticed a slave
  3276 | D:4      | Noticed a slave
  3293 | D:4      | Killed a slave
  3297 | D:4      | Killed a slave
  3311 | D:4      | Killed Pikel
  3311 | D:4      | Reached skill level 5 in Fighting
  3311 | D:4      | Reached XP level 7. HP: 6/50 MP: 7/7
  3326 | D:4      | Fell from the grace of Xom
  3326 | D:4      | Became a worshipper of Nemelex Xobeh the Trickster
  3342 | D:4      | Received a gift from Nemelex Xobeh
  3403 | D:4      | XOM: polymorph gnoll -> killer bee
  3464 | D:4      | Noticed Blork the orc
  3518 | D:4      | Killed Blork the orc
  3549 | D:4      | Noticed Edmund
  3555 | D:4      | Killed Edmund
  3555 | D:4      | Reached skill level 1 in Maces & Flails
  3615 | D:4      | Identified the +0 robe of the Sun {Str+5 Dex+3}
  3626 | D:4      | Reached XP level 8. HP: 46/56 MP: 8/8
  3733 | D:4      | Found a glowing drain.
  3742 | Sewer    | Entered a sewer
  3851 | Sewer    | Reached skill level 2 in Maces & Flails
  3889 | Sewer    | Found a white marble altar of Elyvilon.
  4030 | D:4      | XOM: give mutations
  4030 | D:4      | Gained mutation: You are clumsy. (Dex -2) [Xom's mischief]
  4030 | D:4      | Lost mutation: Your spells are a little harder to cast, but
                  | a little more powerful. [Xom's mischief]
  4281 | D:4      | XOM: give mutation
  4281 | D:4      | Gained mutation: You possess an exceptional clarity of
                  | mind. [Xom's grace]
  4309 | D:4      | XOM: medium Tmut miscast
  4745 | D:4      | Found a sparkling altar of Nemelex Xobeh.
  5106 | D:5      | Entered Level 5 of the Dungeon
  5108 | D:5      | Reached * piety under Nemelex Xobeh
  5288 | D:5      | Reached skill level 3 in Maces & Flails
  5288 | D:5      | Reached skill level 1 in Invocations
  5320 | D:5      | Found Hadgha Xuiz's Weapon Shoppe.
  5320 | D:5      | You fall through a shaft for 3 floors!
  5382 | D:7      | XOM: give mutation
  5382 | D:7      | Gained mutation: You are weak. (Str -2) [Xom's mischief]
  5623 | D:7      | Received a gift from Nemelex Xobeh
  5757 | D:7      | Reached skill level 4 in Maces & Flails
  5799 | D:7      | Reached ** piety under Nemelex Xobeh
  5898 | D:7      | XOM: torment (30/57 hp)
  6043 | D:7      | Found a transporter.
  6043 | D:7      | Found a transporter.
  6043 | D:7      | Noticed iamserjio's ghost (novice OpCK)
  6285 | D:7      | Found a glowing golden altar of the Shining One.
  6286 | D:7      | Found a stormy altar of Qazlal.
  6287 | D:7      | Found an ancient bone altar of Kikubaaqudgha.
  6290 | D:7      | Found an ornate altar of the Wu Jian Council.
  6622 | D:7      | XOM: give mutations
  6622 | D:7      | Gained mutation: Your spells are a little harder to cast,
                  | but a little more powerful. [Xom's grace]
  6622 | D:7      | Gained mutation: Your mind is acute. (Int +2) [Xom's grace]
  6622 | D:7      | Gained mutation: You expend magic power (3 MP) to
                  | strengthen your wands. [Xom's grace]
  6654 | D:6      | Found a burning altar of Makhleb.
  6679 | D:6      | Reached skill level 5 in Maces & Flails
  6679 | D:6      | Reached XP level 9. HP: 63/63 MP: 11/11
  6733 | D:6      | XOM: give mutations
  6733 | D:6      | Gained mutation: You occasionally shout uncontrollably at
                  | your foes. [Xom's mischief]
  6733 | D:6      | Lost mutation: Your mind is acute. (Int +2) [Xom's
                  | mischief]
  6873 | D:6      | Found a white marble altar of Elyvilon.
  6992 | D:6      | Found a staircase to the Ecumenical Temple.
  7175 | D:6      | XOM: noise
  7289 | D:6      | Noticed Sigmund
  7300 | D:6      | XOM: chaos upgrade
  7301 | D:6      | Killed Sigmund
  7301 | D:6      | Reached skill level 6 in Maces & Flails
  7947 | D:5      | Received a gift from Nemelex Xobeh
  8198 | D:5      | XOM: noise
  8276 | D:5      | Reached *** piety under Nemelex Xobeh
  8328 | D:5      | Reached skill level 7 in Maces & Flails
  8350 | D:5      | XOM: medium Air miscast
  8642 | D:5      | XOM: medium Conj miscast
  8887 | D:5      | XOM: medium Pois miscast
  9027 | D:6      | Reached skill level 5 in Invocations
  9076 | D:7      | Found a transporter.
  9077 | D:7      | Found a transporter.
  9188 | D:7      | Found a glowing golden altar of the Shining One.
  9189 | D:7      | Found a stormy altar of Qazlal.
  9190 | D:7      | Found an ancient bone altar of Kikubaaqudgha.
  9193 | D:7      | Found an ornate altar of the Wu Jian Council.
  9333 | D:7      | XOM: noise
  9723 | D:8      | Found an iron altar of Okawaru.
  9779 | D:8      | XOM: enchant monster (good)
  9796 | D:8      | Reached skill level 8 in Maces & Flails
  9809 | D:8      | Reached XP level 10. HP: 47/71 MP: 14/14
  9953 | D:8      | Found a radiant altar of Vehumet.
  9953 | D:8      | Found a shadowy altar of Dithmenos.
 10118 | D:8      | Noticed an angel
 10119 | D:8      | Found a glowing silver altar of Zin.
 10304 | D:8      | Reached skill level 1 in Evocations
 10580 | D:8      | Learned a level 2 spell: Swiftness
 10582 | D:8      | Learned a level 1 spell: Confusing Touch
 10701 | D:9      | Found a staircase to the Lair.
 10877 | D:9      | XOM: medium Tloc miscast
 10878 | D:9      | Cast into level 3 of the Abyss (the capriciousness of Xom)
 10885 | Abyss:3  | Learned a level 2 spell: Blink
 10885 | Abyss:3  | Noticed a wretched star
 10907 | D:9      | Escaped the Abyss
 11050 | D:9      | Found a glowing silver altar of Zin.
 11120 | D:9      | Received a gift from Nemelex Xobeh
 11208 | D:9      | XOM: noise
 11216 | D:9      | Reached skill level 1 in Hexes
 11308 | D:9      | XOM: noise
 11493 | D:9      | Learned a level 3 spell: Mephitic Cloud
 11521 | D:10     | Entered Level 10 of the Dungeon
 11572 | D:10     | Reached skill level 1 in Spellcasting
 11993 | D:10     | Received a gift from Nemelex Xobeh
 12001 | D:10     | Reached **** piety under Nemelex Xobeh
 12077 | D:10     | XOM: harmless Conj miscast
 12108 | D:10     | Reached skill level 1 in Translocations
 12287 | D:10     | Received a gift from Nemelex Xobeh
 12313 | D:10     | XOM: medium Chrm miscast
 12532 | D:11     | Reached skill level 9 in Maces & Flails
 12536 | D:11     | XOM: noise
 12584 | D:11     | Noticed a cyclops
 12742 | D:10     | XOM: medium Chrm miscast
 13054 | D:11     | Found a burning altar of Makhleb.
 13378 | D:11     | XOM: mild Ice miscast
 13378 | D:11     | Was forgiven by Xom
 13452 | D:11     | Killed an unseen horror
 13570 | D:11     | Killed a cyclops
 13617 | D:11     | Reached XP level 11. HP: 48/75 MP: 8/16
 13961 | D:11     | Received a gift from Nemelex Xobeh
 14028 | D:11     | Learned a level 1 spell: Summon Butterflies
 14030 | D:11     | Learned a level 1 spell: Apportation
 14272 | D:12     | Found a roughly hewn altar of Beogh.
 14272 | D:12     | Found a staircase to the Orcish Mines.
 14273 | D:12     | Noticed an orc knight
 14273 | D:12     | Noticed an orc knight
 14683 | D:12     | Noticed a brown ugly thing
 14695 | D:12     | Killed a brown ugly thing
 14717 | D:12     | Noticed a two-headed ogre
 14724 | D:12     | Killed a two-headed ogre
 15283 | D:12     | Reached skill level 10 in Maces & Flails
 15353 | D:12     | Identified the +3 plate armour of Jytia {rC- Int+4}
 15367 | D:12     | Identified the +3 executioner's axe of Calamity {flame,
                  | *Slow +Inv rPois Stlth-}
 15500 | D:12     | Noticed a yaktaur captain
 15638 | D:12     | Killed a yaktaur captain
 17191 | D:11     | Killed an orc knight
 17360 | D:12     | an orc knight changed into a wind drake
 18059 | Lair:1   | Entered Level 1 of the Lair of Beasts
 18059 | Lair:1   | Reached ***** piety under Nemelex Xobeh
 18136 | Lair:1   | Received a gift from Nemelex Xobeh
 18440 | Lair:1   | Reached XP level 12. HP: 73/82 MP: 18/18
 18448 | Lair:1   | Reached skill level 11 in Maces & Flails
 18811 | Lair:1   | Noticed a four-headed hydra
 18826 | Lair:1   | HP: 4/83 [four-headed hydra (10)]
 18834 | Lair:1   | Killed a four-headed hydra
 18852 | Lair:1   | HP: 1/83 [spiny frog (9)]
 19250 | Lair:1   | Reached skill level 5 in Spellcasting
 19309 | Lair:1   | Received a gift from Nemelex Xobeh
 19777 | Lair:2   | Received a gift from Nemelex Xobeh
 19838 | Lair:2   | Noticed a six-headed hydra
 19879 | Lair:2   | Killed a six-headed hydra
 20302 | Lair:2   | Received a gift from Nemelex Xobeh
 21430 | Lair:3   | Reached skill level 1 in Air Magic
 21570 | Lair:3   | Reached skill level 1 in Poison Magic
 21640 | Lair:3   | Noticed an eight-headed hydra
 21647 | Lair:3   | Killed an eight-headed hydra
 21647 | Lair:3   | Reached skill level 12 in Maces & Flails
 21647 | Lair:3   | Reached skill level 10 in Dodging
 21647 | Lair:3   | Reached skill level 1 in Conjurations
 23104 | Lair:4   | Noticed a five-headed hydra
 23113 | Lair:4   | Found a staircase to the Swamp.
 23116 | Lair:4   | Killed a five-headed hydra
 23116 | Lair:4   | Reached XP level 13. HP: 30/90 MP: 21/21
 23299 | Lair:4   | Learned a level 4 spell: Summon Lightning Spire
 23668 | Lair:4   | Reached skill level 10 in Fighting
 23878 | Lair:4   | Received a gift from Nemelex Xobeh
 24625 | Lair:4   | Reached ****** piety under Nemelex Xobeh
 24645 | Lair:4   | Found a hole to the Spider Nest.
 24762 | Lair:4   | Received a gift from Nemelex Xobeh
 25351 | Lair:5   | Reached skill level 1 in Summonings
 25582 | Lair:5   | Noticed Kirke
 25599 | Lair:5   | Killed Kirke
 26815 | Lair:5   | Noticed hemabe's ghost (journeyman HuAr)
 26947 | Lair:5   | Found a runed translucent door.
 26955 | Lair:5   | Received a gift from Nemelex Xobeh
 26976 | Lair:5   | Found a viscous altar of Jiyva.
 26977 | Lair:5   | Found a staircase to the Slime Pits.
 27157 | Lair:6   | Entered Level 6 of the Lair of Beasts
 27492 | Lair:6   | Reached skill level 5 in Air Magic
 28364 | Lair:6   | Received a gift from Nemelex Xobeh
 28482 | Lair:6   | Found a runed translucent door.
 28482 | Lair:6   | Noticed an ice dragon
 28624 | Lair:6   | Paralysed by a hornet for 2 turns
 28855 | Lair:6   | Paralysed by a hornet for 1 turns
 29616 | Lair:6   | Reached skill level 5 in Summonings
 29622 | Lair:6   | HP: 2/95 [wyvern (8)]
 30368 | Lair:6   | Paralysed by a hornet for 3 turns
 30371 | Lair:6   | HP: 2/95 [hornet (7)]
 30372 | Lair:6   | Slain by a water moccasin

Levels and vault maps discovered:
D:1:      evilmike_arrival_crescent, layout_basic, minmay_tiny_reverse_x
D:2:      layout_rooms, mrwooster_statue_mirror, kennysheep_generic_room_7
D:3:      layout_basic, first_ration, guppyfry_early_orc_mine, uniq_ijyb,
          uniq_robin
D:4:      layout_basic, nemelex_xobeh_ov_fountains_minmay, portal_sewer_entry_a,
          uniq_edmund, uniq_pikel, uniq_blork_the_orc
D:5:      minmay_evil_eye, layout_basic, serial_shops, shop,
          grunt_decor_arrowhead
D:6:      layout_loops_ring, old_standard_altar, elyvilon_altar_1,
          temple_doors_e, uniq_sigmund
D:7:      black_bear_nest_1, layout_basic, minitemple, gammafunk_ghost_arena
D:8:      layout_rooms, chequers_temple_overflow_statue_of_worship,
          okawaru_metal_pillars_1_2, zin_angel, the_bakery
D:9:      layout_roguey, erik_lair_orcish_takeover, basic_altar
D:10:     layout_irregular_city
D:11:     layout_rooms, basic_altar
D:12:     layout_long_grid, david_orc_5, kennysheep_four_rooms
Lair:1:   layout_cave_pods
Lair:2:   layout_chaotic_city, grunt_megastairs_2, serial_bayou_shore_b
Lair:3:   layout_hall_layers
Lair:4:   layout_cave_pods, swamp_mist_pool, spider_nest_entry_web_field,
          serial_bayou_shore_a
Lair:5:   layout_regular_city, slime_altar_1, hellmonk_ghost_happy_afterlife,
          grunt_megastairs_5, lemuel_fruit_fields, uniq_kirke
Lair:6:   hangedman_lair_tendril_chambers, layout_loops_ring, wormcave,
          lemuel_fruit_fields
Abyss:3:  nicolae_abyss_rune_star_stuff
Sewer:    sewer_kobolds

Skill      XL: |  1  2  3  4  5  6  7  8  9 10 11 12 13 |
---------------+----------------------------------------+-----
Dodging        | 3 4 6 7 8 9 10 11 | 11.0
Short Blades   | 4 |  4.0
Fighting       | 4 5 6 7 8 9 11 | 11.3
Maces & Flails | 1 5 8 9 10 12 | 12.0
Invocations    | 3 5 6 7 |  7.0
Evocations     | 2 |  2.0
Hexes          | 2 |  2.1
Spellcasting   | 2 4 5 6 |  6.0
Translocations | 2 3 |  3.0
Air Magic      | 3 6 |  6.0
Poison Magic   | 1 |  1.0
Conjurations   | 1 |  1.1
Summonings     | 5 |  5.4

Action                   |  1- 3 |  4- 6 |  7- 9 | 10-12 | 13-15 || total
-------------------------+-------+-------+-------+-------+-------++-------
Melee: Short sword       |    72 |   139 |     7 |       |       ||   218
       Constrict         |    19 |    36 |    53 |    94 |    32 ||   234
       Tentacles         |    10 |    28 |    46 |   133 |    83 ||   300
       Whip              |       |       |     2 |       |       ||     2
       Flail             |       |       |   280 |   685 |   435 ||  1400
 Cast: Blink             |       |       |       |     7 |     5 ||    12
       Swiftness         |       |       |       |     1 |       ||     1
       Summon Lightning  |       |       |       |       |     1 ||     1
 Abil: Draw Destruction  |       |       |     4 |    49 |    18 ||    71
       Draw Summoning    |       |       |     1 |    10 |     5 ||    16
Evoke: Wand              |       |    11 |     5 |    13 |     5 ||    34
  Use: Scroll            |       |     3 |     8 |    10 |    10 ||    31
       Potion            |       |       |       |     2 |     1 ||     3
 Stab: Invisible         |     2 |       |       |       |       ||     2
       Sleeping          |     5 |     7 |     5 |     7 |     3 ||    27
       Paralysed         |       |     1 |       |       |       ||     1
       Petrifying        |       |       |       |     1 |       ||     1
       Distracted        |       |       |       |     1 |     1 ||     2
  Eat: Ration            |       |     1 |     2 |     4 |     2 ||     9
       Chunk             |       |     4 |    14 |    28 |    17 ||    63
Armor: Skin              |    12 |     5 |    47 |    78 |    46 ||   188
Dodge: Dodged            |    76 |   102 |   262 |   621 |   395 ||  1456

Table legend:
 A = Non-vault XP
 B = Vault XP
 C = Vault XP percentage of total XP
 D = Non-vault monster count
 E = Vault monster count
 F = Vault count percentage of total count
                 A         B        C        D         E       F
            +---------+---------+-------+---------+---------+-------
      Total |   36757 |   16904 |  31.5 |     361 |     123 |  25.4
            +---------+---------+-------+---------+---------+-------
        D:1 |      64 |      15 |  19.0 |      34 |       2 |   5.6
        D:2 |      94 |       0 |   0.0 |      21 |       0 |   0.0
        D:3 |      83 |      94 |  53.1 |      21 |      21 |  50.0
        D:4 |     114 |     782 |  87.3 |       9 |       6 |  40.0
        D:5 |     673 |     100 |  12.9 |      17 |       3 |  15.0
        D:6 |     988 |     223 |  18.4 |      15 |       1 |   6.2
        D:7 |     496 |     128 |  20.5 |      12 |       1 |   7.7
        D:8 |    1289 |     224 |  14.8 |      42 |       1 |   2.3
        D:9 |     606 |     636 |  51.2 |       5 |       8 |  61.5
       D:10 |     738 |       0 |   0.0 |      19 |       0 |   0.0
       D:11 |    3388 |     469 |  12.2 |      28 |       1 |   3.4
       D:12 |    3802 |    1943 |  33.8 |      44 |      27 |  38.0
     Lair:1 |    6096 |       0 |   0.0 |      26 |       0 |   0.0
     Lair:2 |    2069 |     948 |  31.4 |       6 |       3 |  33.3
     Lair:3 |    4938 |       0 |   0.0 |      19 |       0 |   0.0
     Lair:4 |    4647 |       0 |   0.0 |      18 |       0 |   0.0
     Lair:5 |    4294 |    3557 |  45.3 |      17 |       8 |  32.0
     Lair:6 |    2378 |    7656 |  76.3 |       8 |      29 |  78.4
      Sewer |       0 |     129 | 100.0 |       0 |      12 | 100.0
            +---------+---------+-------+---------+---------+-------
